 Dungeon Crawl Stone Soup version 0.21.1-1-g345015f (webtiles) character file.

149 letownia2 the Insei (level 5, -1/39 HPs)
             Began as a Merfolk Transmuter on Mar 15, 2018.
             Was an Initiate of Cheibriados.
             Slain by a sky beast (6 damage)
             ... on level 5 of the Dungeon.
             The game lasted 00:05:32 (918 turns).

letownia2 the Insei (Merfolk Transmuter)             Turns: 918, Time: 00:05:33

Health: -1/39      AC:  2    Str: 12    XL:     5   Next: 31%
Magic:  0/8        EV: 21    Int: 14    God:    Cheibriados [......]
Gold:   148        SH:  0    Dex: 20    Spells: 2/8 levels left

rFire    . . .     SeeInvis .     - Unarmed
rCold    . . .     Gourm    .   (shield currently unavailable)
rNeg     . . .     Faith    .   (armour currently unavailable)
rPois    x         Spirit   .   (helmet currently unavailable)
rElec    .         Reflect  .   (cloak currently unavailable)
rCorr    .         Harm     .   (gloves currently unavailable)
MR       .....                  (boots currently unavailable)
Stlth    ++........             (no amulet)
HPRegen  0.13/turn              (no ring)
MPRegen  0.11/turn              (no ring)

@: spider-form, very slightly contaminated, very slow
A: tiny, (change form in water), (swift swim), (stealthy swim)
a: End Transformation, Bend Time, Renounce Religion


You were on level 5 of the Dungeon.
You worshipped Cheibriados.
Cheibriados was noncommittal.
You were hungry.
You were a venomous arachnid creature.
You visited 1 branch of the dungeon, and saw 6 of its levels.

You collected 148 gold pieces.

Inventory:

Missiles
 a - 10 arrows
Armour
 b - a +0 robe (melded)
 e - a +0 leather armour
Wands
 h - a wand of random effects (14)
Scrolls
 g - a scroll of remove curse {unknown}
 j - a scroll of amnesia {unknown}
 k - a scroll of teleportation {unknown}
 n - a scroll of magic mapping {unknown}
Potions
 f - 2 potions of curing
 i - 2 potions of degeneration {unknown}
 l - a potion of mutation {unknown}
Books
 c - a book of Changes

   Spells                             Type                      Level
   a - Beastly Appendage              Transmutation                1
   b - Sticks to Snakes               Transmutation                2
   c - Spider Form                    Transmutation/Poison         3
   d - Ice Form                       Ice/Transmutation            4
   e - Blade Hands                    Transmutation                5
Comestibles
 d - 4 rations
 m - 2 chunks of flesh


   Skills:
 + Level 2.3 Fighting
 - Level 2.6 Dodging
 + Level 4.7 Unarmed Combat
 - Level 2.0 Spellcasting
 - Level 4.2 Transmutations
 - Level 1.9 Poison Magic


You had 2 spell levels left.
You knew the following spells:

 Your Spells              Type           Power        Failure   Level  Hunger
a - Beastly Appendage     Tmut           ##....       13%         1    ##.....
l - Sticks to Snakes      Tmut           ##......     17%         2    ###....
p - Spider Form           Tmut/Pois      ##........   41%         3    ####...


Dungeon Overview and Level Annotations

Branches:
Dungeon (6/15)
 Temple: D:4-7

Altars:
Cheibriados


Message History

Okay, then.
The sky beast hits you. The sky beast shocks you.
The sky beast flickers out of sight!
Deactivating autopickup; reactivate with Ctrl-A.
Something hits you. Something shocks you.
Casting: Spider Form
Confirm with . or Enter, or press ? or * to list all spells.
You turn into a venomous arachnid creature.
Your +0 robe melds into your body.
Something closely misses you.
Unknown command.
You bite something! Something hits you. Something shocks you.
* * * LOW HITPOINT WARNING * * *
Unknown command.
It was a potion of curing.
You feel better. Something hits you. Something shocks you.
* * * LOW HITPOINT WARNING * * *
Something hits you.
* * * LOW HITPOINT WARNING * * *
Something shocks you.
You die...

#####.##>..#................
# #...................#####
# #.......#...........#
#.###.###...........#
#.###.# #...........#
#.....###...........#
#.....................
#..?.........(....#####
#.###########s##### #. #.# #
#.. ####


There were no monsters in sight!

Vanquished Creatures
  A crimson imp (D:5)
  An orc wizard (D:3)
  An iguana (D:5)
  A worker ant (D:3)
  A worker ant zombie (D:5)
  An adder (D:2)
  A dart slug (D:2)
  A leopard gecko (D:5)
  3 orcs (D:3)
  3 bats
  2 hobgoblins
  2 kobolds
  A leopard gecko skeleton (D:5)
  A rat (D:3)
20 creatures vanquished.

Vanquished Creatures (collateral kills)
  A bat (D:3)
1 creature vanquished.

Grand Total: 21 creatures vanquished

Notes
Turn   | Place    | Note
-------+----------+-------------------------------------------
     0 | D:1      | letownia2 the Merfolk Transmuter began the quest for the Orb.
     0 | D:1      | Reached XP level 1. HP: 15/15 MP: 3/3
    49 | D:3      | Noticed an orc wizard
   214 | D:2      | Reached XP level 2. HP: 21/21 MP: 3/5
   332 | D:2      | Learned a level 2 spell: Sticks to Snakes
   467 | D:3      | Reached XP level 3. HP: 8/26 MP: 1/6
   472 | D:3      | Learned a level 3 spell: Spider Form
   512 | D:3      | Reached skill level 1 in Poison Magic
   512 | D:3      | Reached XP level 4. HP: 6/32 MP: 1/7
   632 | D:5      | Entered Level 5 of the Dungeon
   642 | D:5      | Found a snail-covered altar of Cheibriados.
   648 | D:5      | Became a worshipper of Cheibriados the Contemplative
   879 | D:5      | Reached XP level 5. HP: 36/39 MP: 4/8
   898 | D:5      | Noticed a sky beast
   918 | D:5      | Slain by a sky beast

Skill      XL: |  1  2  3  4 |
---------------+-------------+-----
Transmutations | 3 4 |  4.2
Unarmed Combat | 4 |  4.7
Poison Magic   | 1 |  1.9
Fighting       | 2 |  2.3
Dodging        | |  2.6
Spellcasting   | |  2.0

Action                   |  1- 3 |  4- 6 || total
-------------------------+-------+-------++-------
Melee: Unarmed           |    29 |    29 ||    58
       Headbutt          |     6 |     2 ||     8
 Cast: Beastly Appendage |     9 |     4 ||    13
       Sticks to Snakes  |     2 |       ||     2
       Spider Form       |       |     5 ||     5
Evoke: Wand              |     2 |     1 ||     3
  Use: Potion            |       |     1 ||     1
  Eat: Chunk             |       |     1 ||     1
Armor: Robe              |     4 |     6 ||    10
       Skin              |       |     1 ||     1
Dodge: Dodged            |    17 |    21 ||    38
